[Event "47th GRE-chT 2019"]
[Site "Patra"]
[Date "2019.07.03"]
[Round "2.19"]
[White "Tsarsitalidis, Konstantinos"]
[Black "Patrelakis, Evaggelos"]
[Result "0-1"]
[ECO "B80"]
[WhiteElo "2001"]
[BlackElo "2209"]
[Annotator "NA"]
[PlyCount "114"]
[EventDate "2019.07.02"]
[EventCountry "GRE"]
[SourceTitle "playchess.com"]
[Source "ChessBase"]
[SourceQuality "1"]
[TimeControl "5400+30"]

1. e4 c5 2. Nf3 d6 3. d4 cxd4 4. Nxd4 Nf6 5. Nc3 a6 6. g3 e6 7. Bg2 Be7 8. O-O O-O 9. f4 Qc7 10. g4 Nc6 11. Nxc6 bxc6 12. g5 Nd7 13. f5 exf5 {[%emt 0:00:09] B80: Sicilian Scheveningen: 6 g3 and 6 Be3, including English Attack} (13... Re8 14. f6 Bf8 15. fxg7 Bxg7 16. Ne2 a5 17. Ng3 Ba6 18. Rf4 Be5 19. Nh5 Bxf4 20. Bxf4 e5 21. Be3 {1-0 (32) Brkic,A (2581)-Palac,M (2579) Plitvicka Jezera 2013}) 14. exf5 d5 15. Kh1 Bd6 16. Qh5 Re8 17. g6 $146 ({Predecessor:} 17. Qh4 Rb8 18. a3 Ne5 19. f6 Ng6 20. Qh5 gxf6 21. gxf6 {0-1 (40) Feistenauer,F (2330)-Novkovic,M (2395) Vorarlberg 1996}) 17... Nf6 18. Qh4 fxg6 19. fxg6 hxg6 20. Bg5 Nh7 21. Bd2 Bf5 22. Rf3 Be5 23. Raf1 Bf6 24. Qf2 d4 $17 (24... Qe7 $19 25. Bf4 Qb4) 25. Ne2 Bg4 26. Nxd4 Bxf3 27. Bxf3 Qb6 28. c3 Bxd4 29. cxd4 Qxb2 30. Qg2 Rf8 31. d5 Rad8 32. Ba5 Qxg2+ 33. Kxg2 cxd5 34. Bxd8 Rxd8 35. Rd1 Nf6 36. Kf2 Kf7 37. Rd4 Ke6 38. Ke3 Ke5 39. Be2 Rh8 40. h4 g5 41. h5 g6 42. h6 Rxh6 43. Ra4 Rh3+ 44. Kf2 Rh2+ 45. Ke1 Rh1+ 46. Kf2 Ne4+ 47. Kg2 Rb1 48. Bf3 Rb6 49. Ra5 Kf4 50. Ra3 g4 51. Bd1 Rb2+ 52. Kf1 Rf2+ 53. Kg1 g3 54. Rxa6 Rd2 55. Bb3 Ng5 56. Rf6+ Ke5 57. Rxg6 Nf3+ 0-1

[Event "47th GRE-chT 2019"]
[Site "Patra"]
[Date "2019.07.03"]
[Round "2.19"]
[White "Fragkos, Vasileios"]
[Black "Koutlas, Nikolaos"]
[Result "1-0"]
[ECO "B58"]
[WhiteElo "1901"]
[BlackElo "1969"]
[Annotator "NA"]
[PlyCount "77"]
[EventDate "2019.07.02"]
[EventCountry "GRE"]
[SourceTitle "playchess.com"]
[Source "ChessBase"]
[SourceQuality "1"]
[TimeControl "5400+30"]

1. e4 c5 2. Nf3 Nc6 3. d4 cxd4 4. Nxd4 Nf6 5. Nc3 d6 6. Be2 g6 7. O-O Bg7 8. Nb3 a6 9. Be3 O-O 10. f3 {[%emt 0:00:18] B74: Sicilian Dragon: Classical System with 9 Nb3} (10. f4 Be6 11. Kh1 b5 12. Bf3 Rc8 13. Nd5 Bxd5 14. exd5 Na5 15. Qe2 Nc4 16. Bd4 Qd7 17. Rae1 Rfe8 18. Qd1 e5 19. dxe6 fxe6 {1-0 (38) Harikrishna,P (2740)-Mamedov,N (2597) Kocaeli 2015}) 10... b5 11. Nd5 Nxd5 12. exd5 Ne5 13. c3 $146 ({Predecessor:} 13. Bd4 Bb7 14. f4 Nd7 15. Bxg7 Kxg7 16. Bf3 Rc8 17. Qd2 Qb6+ {½-½ (59) Kindsvogel,R-Auer,D Germany 1998}) 13... Bb7 14. Qd2 Nc4 15. Bxc4 $1 bxc4 16. Nc1 $1 Qa5 17. Rd1 Rab8 18. Ba7 Rbc8 19. Ne2 Ba8 20. b4 Qb5 21. a4 Qd7 22. Bd4 $14 Bxd4+ 23. Qxd4 h5 24. Ng3 Rc7 25. Nf1 a5 26. b5 Rc5 27. Ne3 Re8 28. Re1 Qc8 29. Rad1 e5 30. dxe6 Rxe6 31. Qd2 h4 32. h3 Bxf3 33. gxf3 Rxe3 34. Qxe3 Qxh3 35. Qf4 Rf5 36. Qg4 Rg5 37. Qxg5 Qxf3 38. Rxd6 h3 39. Rxg6+ 1-0

[Event "47th GRE-chT 2019"]
[Site "Patra"]
[Date "2019.07.03"]
[Round "2.20"]
[White "Dogias, Christos"]
[Black "Mourelatos, Spyridon"]
[Result "1-0"]
[ECO "C54"]
[WhiteElo "1409"]
[BlackElo "1626"]
[Annotator "NA"]
[PlyCount "101"]
[EventDate "2019.07.02"]
[EventCountry "GRE"]
[SourceTitle "playchess.com"]
[Source "ChessBase"]
[SourceQuality "1"]
[TimeControl "5400+30"]

1. e4 e5 2. Nf3 Nc6 3. Bc4 Bc5 4. c3 Nf6 5. d3 d6 6. O-O O-O 7. h3 Be6 8. Bb5 a6 9. Ba4 Ne7 10. d4 exd4 11. cxd4 Ba7 12. Nc3 Ng6 13. Bc2 Nh5 14. Ne2 Qc8 15. Qd3 Bxh3 16. gxh3 Qxh3 17. Nh2 Qxd3 18. Bxd3 Rfe8 19. Be3 Nf6 20. Ng3 Rad8 21. Rac1 c6 22. Nf3 d5 23. e5 Ng4 24. Bf5 Nxe3 25. fxe3 Ne7 26. Bd3 Rd7 27. Ng5 Ng6 28. Rf2 h6 29. Nxf7 Nf8 30. Nd6 Rxd6 31. exd6 Rxe3 32. Nf5 Rxd3 33. Ne7+ Kh7 34. Rxf8 Bxd4+ 35. Kf1 Bb6 36. d7 Rd2 37. Rb1 Rh2 38. Re1 Rxb2 39. d8=Q Bxd8 40. Rxd8 Rxa2 41. Rb8 b5 42. Nxc6 Ra4 43. Rd1 Rc4 44. Ne5 Rf4+ 45. Kg2 d4 46. Rb6 Rf5 47. Nf3 a5 48. Nxd4 Rg5+ 49. Kf3 b4 50. Rb5 Kg6 51. Rxg5+ {[%emt 0:53:33] Kf5} 1-0

[Event "47th GRE-chT 2019"]
[Site "Patra"]
[Date "2019.07.03"]
[Round "2.20"]
[White "Antonioudakis, Georgios"]
[Black "Tsarsitalidis, Christos"]
[Result "1-0"]
[ECO "C42"]
[WhiteElo "1385"]
[BlackElo "1802"]
[Annotator "NA"]
[PlyCount "71"]
[EventDate "2019.07.02"]
[EventCountry "GRE"]
[SourceTitle "playchess.com"]
[Source "ChessBase"]
[SourceQuality "1"]
[TimeControl "5400+30"]

1. e4 e5 2. Nf3 Nf6 3. Nxe5 d6 4. Nf3 Nxe4 5. Nc3 Nxc3 6. dxc3 Be7 7. Bf4 O-O 8. Qd2 b6 9. h4 Bb7 10. O-O-O Nd7 11. Nd4 Nc5 12. f3 a5 13. g4 Ne6 14. Be2 Nxf4 15. Qxf4 a4 16. g5 a3 17. b3 Ra5 18. Nf5 Bc8 19. Nd4 Bd7 20. Bd3 g6 21. Qg3 f6 22. f4 fxg5 23. hxg5 Rxf4 24. Bc4+ d5 25. b4 Bxg5 26. Kb1 Rg4 27. Qf3 Rf4 28. Qg3 Ra7 29. Bxd5+ Kh8 30. Nf3 Rg4 31. Qh2 Qe7 32. Qe5+ Qg7 33. Nxg5 Rxg5 34. Qxg5 Qxc3 35. Qd8+ Kg7 36. Qg8+ 1-0

[Event "47th GRE-chT 2019"]
[Site "Patra"]
[Date "2019.07.03"]
[Round "2.22"]
[White "Martinovic, Sasa"]
[Black "Argiroudis, Stamatis"]
[Result "1-0"]
[ECO "E81"]
[WhiteElo "2560"]
[BlackElo "2284"]
[Annotator "ChessBase"]
[PlyCount "70"]
[EventDate "2019.07.02"]
[EventCountry "GRE"]
[SourceTitle "playchess.com"]
[Source "ChessBase"]
[SourceQuality "1"]
[TimeControl "5400+30"]

1. d4 Nf6 2. c4 g6 3. f3 Bg7 4. e4 d6 5. Be3 c6 6. Nc3 a6 7. e5 Nfd7 8. exd6 exd6 9. Qd2 O-O 10. O-O-O b5 11. h4 Nb6 12. c5 dxc5 13. dxc5 Qxd2+ 14. Bxd2 Na4 15. Nxa4 bxa4 16. Ne2 Nd7 17. Bc3 a3 18. bxa3 Bh6+ 19. Bd2 Bg7 20. Bf4 Nxc5 21. Bd6 Na4 22. Bxf8 Kxf8 23. Nf4 Nc3 24. Rd8+ Ke7 25. Rd2 Bh6 26. g3 Bf5 27. Bh3 Bxh3 28. Rxh3 Rb8 29. Rb2 Rd8 30. Rh1 Nd5 31. Re1+ Kd6 32. Re4 f5 33. Ra4 Ra8 34. Rb7 Bxf4+ 35. gxf4 Kc5 1-0

[Event "47th GRE-chT 2019"]
[Site "Patra"]
[Date "2019.07.03"]
[Round "2.24"]
[White "Balokas, Dimitrios"]
[Black "Vragoteris, Antonios"]
[Result "1-0"]
[ECO "E11"]
[WhiteElo "2206"]
[BlackElo "2168"]
[Annotator "NA"]
[PlyCount "79"]
[EventDate "2019.07.02"]
[EventCountry "GRE"]
[SourceTitle "playchess.com"]
[Source "ChessBase"]
[SourceQuality "1"]
[TimeControl "5400+30"]

1. d4 Nf6 2. c4 e6 3. Nf3 Bb4+ 4. Bd2 Qe7 5. g3 Nc6 6. Nc3 O-O 7. Bg2 Na5 {[%emt 0:01:16] E11: Bogo-Indian} (7... d6 8. Rc1 Bxc3 9. Bxc3 e5 10. d5 Nb8 11. O-O a5 12. Ne1 Nbd7 13. e4 Nc5 14. Qe2 Na4 15. Nd3 Nxc3 16. Rxc3 {½-½ (43) Stupak,K (2547)-Nisipeanu,L (2680) Budapest 2019}) 8. c5 Nc4 9. Qb3 Nxd2 10. Nxd2 Bxc3 11. Qxc3 d6 $146 ({Predecessor:} 11... d5 12. cxd6 cxd6 13. O-O d5 14. Rac1 b6 15. b3 {1-0 (47) Loiseau,Q (2300)-Colin,V (2393) Naujac 2012}) 12. O-O e5 13. d5 e4 14. cxd6 cxd6 15. Qd4 Re8 16. Nc4 Bd7 17. Rac1 b6 18. Rc3 Rac8 19. Rfc1 h5 $11 20. Ne3 h4 21. Rxc8 Rxc8 22. Rxc8+ Bxc8 23. gxh4 g6 24. Nd1 Bf5 25. Ne3 Bd7 26. h5 gxh5 27. Qc3 Kg7 28. Nc4 Bb5 29. Qg3+ Kf8 30. Nxd6 Bxe2 31. Nf5 Qb4 32. h3 Qxb2 33. Qd6+ Kg8 34. Qb8+ Kh7 35. Qc7 Kg6 36. Qf4 Nxd5 37. Qxe4 Qc1+ 38. Kh2 Qf4+ 39. Ng3+ f5 40. Qxd5 1-0

[Event "47th GRE-chT 2019"]
[Site "Patra"]
[Date "2019.07.03"]
[Round "2.25"]
[White "Maisuradze, Nino"]
[Black "Salahidou, Reveka"]
[Result "1-0"]
[ECO "D48"]
[WhiteElo "2197"]
[BlackElo "1971"]
[Annotator "NA"]
[PlyCount "77"]
[EventDate "2019.07.02"]
[EventCountry "GRE"]
[SourceTitle "playchess.com"]
[Source "ChessBase"]
[SourceQuality "1"]
[TimeControl "5400+30"]

1. d4 d5 2. c4 e6 3. Nc3 Nf6 4. Nf3 dxc4 5. e3 c5 6. Bxc4 Be7 7. O-O O-O 8. Qe2 a6 9. Rd1 b5 10. Bd3 Qc7 11. a3 $11 Bb7 12. e4 cxd4 13. Nxd4 Nbd7 14. Bg5 Nc5 15. Bc2 h6 16. Bd2 Bd6 17. Nf3 Ng4 18. h3 Ne5 19. Nxe5 Bxe5 20. Rac1 Rac8 21. Qg4 Kh8 22. f4 Bd4+ 23. Kh1 Qc6 24. e5 Bxc3 25. Bxc3 Ne4 26. Bxe4 Qxe4 27. Rd7 Bd5 28. Re1 Qg6 29. Qe2 Rc4 30. Rf1 Re4 31. Qd2 Rc4 32. Kh2 Rfc8 33. f5 Qh5 34. f6 Rg4 35. Rxd5 exd5 36. fxg7+ Kg8 37. Qxd5 Rg6 38. Qxf7+ Kh7 39. g8=Q# 1-0

[Event "47th GRE-chT 2019"]
[Site "Patra"]
[Date "2019.07.03"]
[Round "2.26"]
[White "Stratigi, Evangelia"]
[Black "Houhouli, Hristina"]
[Result "1/2-1/2"]
[ECO "B30"]
[WhiteElo "1624"]
[BlackElo "1428"]
[Annotator "NA"]
[PlyCount "102"]
[EventDate "2019.07.02"]
[EventCountry "GRE"]
[SourceTitle "playchess.com"]
[Source "ChessBase"]
[SourceQuality "1"]
[TimeControl "5400+30"]

1. e4 c5 2. Nf3 Nc6 3. Bc4 e6 4. O-O Nge7 5. c3 d5 6. exd5 Nxd5 7. d4 cxd4 8. Nxd4 Ne5 9. Bb5+ Bd7 10. Qe2 Ng6 11. Rd1 Bxb5 12. Nxb5 Qb6 13. Rxd5 Bc5 14. Rd1 Bxf2+ 15. Qxf2 Qxb5 16. Na3 Qc6 17. Be3 b6 18. Rd4 O-O 19. Rad1 e5 20. Rd6 Qa4 21. Qf5 Rae8 22. Rd7 Nh4 23. Qf2 Re6 24. c4 Ng6 25. Qc2 Qc6 26. Nb5 a6 27. R7d6 Rxd6 28. Rxd6 Qc8 29. Na3 f5 30. Qd2 f4 31. Qd5+ Kh8 32. Bxb6 Qf5 33. Rd8 h6 34. Rxf8+ Qxf8 35. Qe4 Qe8 36. c5 Qe6 37. Nc4 Qg4 38. Qf3 Qf5 39. Nd6 Qb1+ 40. Kf2 Qxb2+ 41. Qe2 Qd4+ 42. Kf1 Qa1+ 43. Qe1 Qxa2 44. c6 f3 45. gxf3 Nf4 46. Bf2 Qe6 47. Nf7+ Qxf7 48. Qxe5 Qc4+ 49. Kg1 Nd5 50. Qe8+ Kh7 51. Qe4+ Qxe4 1/2-1/2

[Event "47th GRE-chT 2019"]
[Site "Patra"]
[Date "2019.07.03"]
[Round "2.27"]
[White "Batsi, Varvara"]
[Black "Kaliontzaki, Argyro Evanthia"]
[Result "0-1"]
[ECO "E14"]
[WhiteElo "1214"]
[BlackElo "1324"]
[Annotator "NA"]
[PlyCount "54"]
[EventDate "2019.07.02"]
[EventCountry "GRE"]
[SourceTitle "playchess.com"]
[Source "ChessBase"]
[SourceQuality "1"]
[TimeControl "5400+30"]

1. d4 Nf6 2. Nf3 e6 3. e3 b6 4. Bd3 Bb7 5. Nbd2 d5 6. b3 Nbd7 7. Bb2 Be7 8. O-O O-O 9. c4 c5 10. Re1 cxd4 11. exd4 Rc8 12. Rc1 dxc4 13. bxc4 Rc7 14. Ne5 Nxe5 15. Rxe5 Bd6 16. Re1 Qd7 17. Ne4 Nxe4 18. Bxe4 Bxe4 19. Rxe4 Be7 20. Qd3 Bf6 21. Rc3 Rfc8 22. Bc1 Qa4 23. Re2 Rxc4 24. Rxc4 Qxc4 25. Qxc4 Rxc4 26. Be3 Bxd4 27. Bxd4 Rc1+ 0-1

[Event "47th GRE-chT 2019"]
[Site "Patra"]
[Date "2019.07.03"]
[Round "2.30"]
[White "Christodoulakis, Michail"]
[Black "Peikos, Rafail"]
[Result "1/2-1/2"]
[ECO "B01"]
[WhiteElo "1224"]
[BlackElo "1309"]
[Annotator "NA"]
[PlyCount "78"]
[EventDate "2019.07.02"]
[EventCountry "GRE"]
[SourceTitle "playchess.com"]
[Source "ChessBase"]
[SourceQuality "1"]
[TimeControl "5400+30"]

1. e4 d5 2. exd5 Qxd5 3. Nc3 Qd6 4. d4 Nf6 5. Bc4 a6 6. Nf3 b5 7. Bb3 Bb7 8. Be3 e6 9. O-O Be7 10. Re1 O-O 11. Ne5 Qd8 12. Qe2 Nbd7 13. Rad1 Nb6 14. f3 Nbd5 15. Ne4 c6 16. Bg5 Qc7 17. Bxf6 Nxf6 18. c3 c5 19. Nxf6+ Bxf6 20. Kh1 cxd4 21. cxd4 Qd6 22. Qe3 Rad8 23. Rd3 Bd5 24. Bxd5 Qxd5 25. b3 Bxe5 26. Qxe5 Qxe5 27. Rxe5 Rd6 28. g4 Rfd8 29. Re4 Rd5 30. h4 e5 31. Rde3 Rxd4 32. Rxe5 Rd1+ 33. Re1 Rxe1+ 34. Rxe1 g6 35. Re2 Rd3 36. Kg2 Kg7 37. g5 h6 38. Kg3 hxg5 39. hxg5 Kf8 1/2-1/2

[Event "47th GRE-chT 2019"]
[Site "Patra"]
[Date "2019.07.03"]
[Round "2.32"]
[White "Safarli, Eltaj"]
[Black "Tzermiadianos, Andreas"]
[Result "1-0"]
[ECO "B23"]
[WhiteElo "2608"]
[BlackElo "2438"]
[Annotator "RC"]
[PlyCount "80"]
[EventDate "2019.07.02"]
[EventCountry "GRE"]
[SourceTitle "playchess.com"]
[Source "ChessBase"]
[SourceQuality "1"]
[TimeControl "5400+30"]

1. e4 c5 2. Nc3 Nc6 3. Bb5 Nd4 4. Nf3 a6 5. Bd3 g6 6. Rb1 Bg7 7. b4 cxb4 8. Rxb4 Nc6 9. Rb1 Nf6 10. O-O O-O 11. Nd5 Nxd5 12. exd5 Ne5 13. Nxe5 Bxe5 14. Re1 d6 15. Bb2 Bxb2 16. Rxb2 e6 17. dxe6 Bxe6 18. Rxb7 Qa5 19. h4 Qxa2 20. Rb6 a5 21. Rxd6 Rfd8 22. Qf3 Qa3 23. Rxd8+ Rxd8 24. Qf6 Qd6 25. h5 Qd4 26. Qe7 Qd6 27. Qg5 Bd5 28. Qh4 Bc6 29. Re3 Re8 30. hxg6 fxg6 31. Qc4+ Kf8 32. Qc3 Rxe3 33. fxe3 a4 34. Qh8+ Ke7 35. Qxh7+ Kd8 36. Qh8+ Be8 37. Bb5 Qxd2 38. Qxe8+ Kc7 39. Qc6+ Kd8 40. Qf6+ Kc7 1-0

[Event "47th GRE-chT 2019"]
[Site "Patra"]
[Date "2019.07.03"]
[Round "2.34"]
[White "Goumas, Georgios"]
[Black "Azis, Azizis Ektoras"]
[Result "1-0"]
[ECO "C42"]
[WhiteElo "2391"]
[BlackElo "2191"]
[Annotator "NA"]
[PlyCount "107"]
[EventDate "2019.07.02"]
[EventCountry "GRE"]
[SourceTitle "playchess.com"]
[Source "ChessBase"]
[SourceQuality "1"]
[TimeControl "5400+30"]

1. e4 e5 2. Nf3 Nf6 3. Nxe5 d6 4. Nf3 Nxe4 5. Nc3 Nxc3 6. dxc3 Be7 7. Be3 Nc6 8. Qd2 Be6 9. O-O-O {[%emt 0:01:02] C42: Petroff Defence: 3 Nxe5 and unusual White 3rd moves} Qd7 10. Kb1 a6 11. Ng5 Bxg5 12. Bxg5 f6 13. Be3 O-O-O 14. b3 {[%emt 0:02:18] [#]} h5 $146 ({Predecessor:} 14... Kb8 15. h3 Bf5 16. Be2 Be4 {½-½ (31) Inarkiev,E (2669)-Gashimov,V (2703) Elista 2008}) 15. h4 Ne5 16. f3 c5 17. c4 Qc6 18. Be2 Bf5 19. Rhe1 Rhe8 20. Bg1 Bg6 21. Bh2 Bh7 22. Qf4 Qd7 $14 23. Rd2 Qf5 24. Qg3 Qg6 25. Qf2 Qf5 26. Red1 Ng4 27. Qg3 Nxh2 28. Bd3 Qe5 29. Qxe5 dxe5 30. Bxh7 Rxd2 31. Rxd2 Rd8 32. Rf2 Rd1+ 33. Kb2 Nf1 34. g4 hxg4 35. fxg4 Ne3 36. Re2 Nf1 37. g5 Kd8 38. Bd3 Ke7 39. gxf6+ gxf6 40. h5 Ng3 41. Rh2 Rh1 42. Rxh1 Nxh1 43. h6 Kf7 44. Be4 Ng3 45. Bxb7 a5 46. c3 f5 47. b4 axb4 48. cxb4 e4 49. b5 f4 50. h7 Kg7 51. b6 f3 52. Bxe4 Nxe4 53. b7 f2 54. b8=Q 1-0

[Event "47th GRE-chT 2019"]
[Site "Patra"]
[Date "2019.07.03"]
[Round "2.35"]
[White "Radeva, Viktoria"]
[Black "Botsari, Anna-Maria"]
[Result "1/2-1/2"]
[ECO "B49"]
[WhiteElo "2247"]
[BlackElo "2233"]
[Annotator "NA"]
[PlyCount "63"]
[EventDate "2019.07.02"]
[EventCountry "GRE"]
[SourceTitle "playchess.com"]
[Source "ChessBase"]
[SourceQuality "1"]
[TimeControl "5400+30"]

1. e4 c5 2. Nf3 e6 3. d4 cxd4 4. Nxd4 Nc6 5. Be2 Qc7 6. Nc3 a6 7. O-O Nf6 8. Be3 Bb4 9. Na4 O-O 10. c4 Bd6 11. g3 Nxe4 12. c5 Be7 13. Nxc6 bxc6 14. Qd4 d5 15. cxd6 $1 Nxd6 16. Qb6 Qxb6 $11 17. Nxb6 Rb8 18. Rac1 Nf5 19. Nxc8 Rfxc8 20. Bxa6 Nxe3 21. fxe3 Rc7 22. Rc2 Bf6 23. b3 Ra7 24. Rxc6 Rba8 25. Rfc1 Bd8 26. Bc8 Rxa2 27. Bb7 Rb8 28. Rc8 Rxc8 29. Rxc8 Rd2 30. Kf1 Kf8 31. Ke1 Rd6 32. Ke2 1/2-1/2

[Event "47th GRE-chT 2019"]
[Site "Patra"]
[Date "2019.07.03"]
[Round "2.36"]
[White "Avramidou, Anastasia"]
[Black "Grafakou, Sotiria-Aphrodite"]
[Result "1/2-1/2"]
[ECO "E21"]
[WhiteElo "2260"]
[BlackElo "1684"]
[Annotator "NA"]
[PlyCount "101"]
[EventDate "2019.07.02"]
[EventCountry "GRE"]
[SourceTitle "playchess.com"]
[Source "ChessBase"]
[SourceQuality "1"]
[TimeControl "5400+30"]

1. d4 Nf6 2. c4 e6 3. Nf3 d5 4. Nc3 Bb4 5. g3 O-O 6. Bg2 b6 7. O-O Bb7 8. Ne5 Nbd7 9. Bg5 Qc8 10. cxd5 Nxd5 11. Nxd5 Bxd5 12. Bxd5 $14 exd5 13. Nc6 Bd6 14. Qb3 Qe8 15. Qxd5 Qe7 16. e4 Qxe4 17. Qf5 Qe6 18. Qxe6 fxe6 19. Rfe1 Kf7 20. Rac1 Rfe8 21. Bf4 Bxf4 22. gxf4 Kg8 23. f5 exf5 24. Ne7+ Kf8 25. Nxf5 Rxe1+ 26. Rxe1 g6 27. Ne3 Nf6 28. Rc1 Rc8 29. Rc6 Ke7 30. d5 Ne8 31. Kg2 Nd6 32. Ng4 Nf5 33. Re6+ Kf7 34. Ne5+ Kg7 35. Nc6 a5 36. Re2 Rf8 37. Rc2 Rf7 38. Nd8 Rd7 39. Rxc7 Rxc7 40. Ne6+ Kf6 41. Nxc7 Ke5 42. Kf3 Ne7 43. Kg4 h6 44. f4+ Kd6 45. Nb5+ Kxd5 46. Nc3+ Kd4 47. h4 Kd3 48. h5 gxh5+ 49. Kxh5 Ke3 50. f5 Nxf5 51. Nd5+ 1/2-1/2

[Event "47th GRE-chT 2019"]
[Site "Patra"]
[Date "2019.07.03"]
[Round "2.38"]
[White "Kouskoutis, Georgios-Alexandros"]
[Black "Gkikas, Vasilios"]
[Result "1-0"]
[ECO "A29"]
[WhiteElo "2256"]
[BlackElo "1950"]
[Annotator "NA"]
[PlyCount "119"]
[EventDate "2019.07.02"]
[EventCountry "GRE"]
[SourceTitle "playchess.com"]
[Source "ChessBase"]
[SourceQuality "1"]
[TimeControl "5400+30"]

1. c4 e5 2. g3 Nf6 3. Bg2 d5 4. cxd5 Nxd5 5. Nc3 Nb6 6. Nf3 Nc6 7. O-O Be7 8. d3 O-O 9. Be3 Be6 10. Rc1 Nd5 11. Nxd5 Bxd5 12. Qa4 Re8 13. b4 a6 14. a3 Bf6 15. Rc5 Ne7 16. Nd2 Bxg2 17. Kxg2 Nd5 18. Qb3 c6 19. Ne4 Be7 20. Rc2 Rc8 21. Bc5 Nc7 22. a4 Ne6 23. Bxe7 Rxe7 24. e3 h6 25. Rfc1 Ng5 26. Nxg5 hxg5 27. b5 axb5 28. axb5 Qd6 29. Qc4 Rd7 30. Rc3 Rcd8 31. bxc6 Qxc6+ 32. Qxc6 bxc6 33. Rd1 f6 34. Kf3 Kf7 35. Ke2 Rd6 36. Rb1 Rh8 37. Rb6 Rxh2 38. Rbxc6 Rxc6 39. Rxc6 g4 40. Rc7+ Kg6 41. d4 exd4 42. exd4 Rh5 43. Rc5 Rh8 44. Kd3 Rh2 45. Rc2 Kf5 46. Re2 Rh8 47. d5 Rd8 48. Kd4 Kg6 49. Kc5 Rc8+ 50. Kb6 Rd8 51. Kc6 Rc8+ 52. Kd7 Rc5 53. d6 Kf7 54. Kd8 f5 55. Re7+ Kf8 56. Rc7 Ra5 57. d7 Ra2 58. Rc5 Rxf2 59. Kc7 Rd2 60. d8=Q+ 1-0

[Event "47th GRE-chT 2019"]
[Site "Patra"]
[Date "2019.07.03"]
[Round "2.40"]
[White "Papaioannou, Dimitrios"]
[Black "Gioutsos, Vasileios"]
[Result "1/2-1/2"]
[ECO "A16"]
[WhiteElo "1629"]
[BlackElo "1426"]
[Annotator "NA"]
[PlyCount "121"]
[EventDate "2019.07.02"]
[EventCountry "GRE"]
[SourceTitle "playchess.com"]
[Source "ChessBase"]
[SourceQuality "1"]
[TimeControl "5400+30"]

1. c4 Nf6 2. Nc3 g6 3. g3 Bg7 4. Bg2 O-O 5. e4 d6 6. Nge2 Nbd7 7. O-O c5 8. d3 a6 9. h3 Rb8 10. a4 Ne5 11. Be3 Nc6 12. f4 e5 13. f5 Nd4 14. g4 h6 15. Rb1 g5 16. b4 Qe7 17. Ng3 cxb4 18. Rxb4 d5 19. Rb1 dxc4 20. dxc4 Qa3 21. Bxd4 exd4 22. Nce2 Qe3+ 23. Kh2 d3 24. Nc1 d2 25. Nb3 Rd8 26. Rf3 Qb6 27. e5 Nh7 28. f6 Bf8 29. Nf1 Qc7 30. Re3 Qxc4 31. Nbxd2 Qf4+ 32. Kh1 Bc5 33. Re2 Qd4 34. Ng3 Qd3 35. Nge4 Qd4 36. Nxc5 Qxc5 37. Qe1 Be6 38. Rxb7 Rxb7 39. Bxb7 Qa3 40. Re3 Qxa4 41. Bf3 Qd4 42. Nf1 Nf8 43. Qa5 Bc4 44. Re1 Qf2 45. Bg2 Rd3 46. Rc1 Bd5 47. Qxd5 Rxd5 48. Bxd5 Qd4 49. Bg2 Qxe5 50. Rc6 a5 51. Ra6 Qb5 52. Ra8 a4 53. Ne3 Qc5 54. Nd5 Qc1+ 55. Kh2 Qe1 56. Ne7+ Kh7 57. Rxf8 Qe5+ 58. Kg1 Qa1+ 59. Kh2 Qe5+ 60. Kg1 Qe1+ 61. Kh2 1/2-1/2

[Event "47th GRE-chT 2019"]
[Site "Patra"]
[Date "2019.07.03"]
[Round "3.1"]
[White "Lupulescu, Constantin"]
[Black "Laznicka, Viktor"]
[Result "1/2-1/2"]
[ECO "D11"]
[WhiteElo "2649"]
[BlackElo "2658"]
[Annotator "ChessBase"]
[PlyCount "37"]
[EventDate "2019.07.02"]
[EventCountry "GRE"]
[SourceTitle "playchess.com"]
[Source "ChessBase"]
[SourceQuality "1"]
[TimeControl "5400+30"]

1. d4 d5 2. Nf3 Nf6 3. c4 c6 4. e3 a6 5. Nbd2 Bf5 6. Nh4 Bg4 7. Qc2 e6 8. h3 Bh5 9. g4 Bg6 10. Nxg6 hxg6 11. Bg2 Nbd7 12. b3 Be7 13. Bb2 g5 14. O-O-O Qa5 15. Kb1 Ba3 16. Ba1 Bb4 17. Bb2 Ba3 18. Ba1 Bb4 19. Bb2 1/2-1/2

[Event "47th GRE-chT 2019"]
[Site "Patra"]
[Date "2019.07.03"]
[Round "3.1"]
[White "Papaioannou, Ioannis"]
[Black "Kourkoulos-Arditis, Stamatis"]
[Result "1/2-1/2"]
[ECO "A48"]
[WhiteElo "2640"]
[BlackElo "2436"]
[Annotator "ChessBase"]
[PlyCount "75"]
[EventDate "2019.07.02"]
[EventCountry "GRE"]
[SourceTitle "playchess.com"]
[Source "ChessBase"]
[SourceQuality "1"]
[TimeControl "5400+30"]

1. d4 Nf6 2. Nf3 g6 3. Bg5 Bg7 4. Nbd2 O-O 5. e3 d6 6. c3 Nbd7 7. Bd3 h6 8. Bh4 e5 9. O-O Re8 10. e4 exd4 11. cxd4 g5 12. Bg3 Nh5 13. Nc4 Nb8 14. d5 Nd7 15. Qc2 Nc5 16. Rae1 Bd7 17. b4 Nxd3 18. Qxd3 Bb5 19. Rc1 a5 20. a4 Bxa4 21. Nxa5 Qd7 22. Rfe1 Bb5 23. Qc2 Nxg3 24. hxg3 c5 25. dxc6 bxc6 26. Nc4 Qe6 27. e5 Qxc4 28. Qxc4 Bxc4 29. Rxc4 dxe5 30. Rxc6 Rab8 31. Rc4 Bf8 32. Rxe5 Rxe5 33. Nxe5 Rxb4 34. Rc8 Rb7 35. Ng4 Kg7 36. Ne3 h5 37. Rc6 Rb5 38. g4 1/2-1/2

[Event "47th GRE-chT 2019"]
[Site "Patra"]
[Date "2019.07.03"]
[Round "3.2"]
[White "Pancevski, Filip"]
[Black "Pultinevicius, Paulius"]
[Result "0-1"]
[ECO "A15"]
[WhiteElo "2514"]
[BlackElo "2481"]
[Annotator "ChessBase"]
[PlyCount "56"]
[EventDate "2019.07.02"]
[EventCountry "GRE"]
[SourceTitle "playchess.com"]
[Source "ChessBase"]
[SourceQuality "1"]
[TimeControl "5400+30"]

1. c4 Nf6 2. g3 c6 3. Bg2 d5 4. Nf3 g6 5. b3 Bg7 6. Bb2 O-O 7. O-O Nbd7 8. Qc2 Re8 9. cxd5 cxd5 10. Rc1 b6 11. Nd4 Bb7 12. Qc7 Nc5 13. Qxd8 Rexd8 14. Na3 a6 15. Rc2 Nfd7 16. f4 b5 17. Rac1 b4 18. Nb1 e6 19. d3 Rdc8 20. Nd2 a5 21. Nb5 Nxd3 22. Rxc8+ Bxc8 23. exd3 Bxb2 24. Rc7 Ba6 25. Nd6 Ra7 26. Rc6 Nb8 27. Rc2 Bc3 28. Bf1 Rd7 0-1

[Event "47th GRE-chT 2019"]
[Site "Patra"]
[Date "2019.07.03"]
[Round "3.3"]
[White "Grivas, Efstratios"]
[Black "Kofidis, Spyridon"]
[Result "1-0"]
[ECO "E16"]
[WhiteElo "2418"]
[BlackElo "2169"]
[Annotator "NA"]
[PlyCount "141"]
[EventDate "2019.07.02"]
[EventCountry "GRE"]
[SourceTitle "playchess.com"]
[Source "ChessBase"]
[SourceQuality "1"]
[TimeControl "5400+30"]

1. d4 Nf6 2. c4 e6 3. Nf3 b6 4. g3 Bb7 5. Bg2 Bb4+ 6. Nbd2 c5 7. a3 Bxd2+ 8. Qxd2 cxd4 9. O-O O-O 10. Qxd4 Nc6 11. Qh4 Rc8 12. Bg5 Na5 13. Ne5 h6 14. Bxf6 Qxf6 15. Qxf6 gxf6 16. Bxb7 Rc7 17. Ng4 Rxb7 18. Nxf6+ Kg7 19. Nh5+ Kh8 20. Rad1 Nxc4 21. Rd4 d5 22. e4 Rd8 23. exd5 Rxd5 24. Rxc4 Rxh5 25. Rd1 Rc5 26. Rxc5 bxc5 27. Rd2 Kg7 28. Rc2 Kf6 29. Rxc5 Rxb2 30. Rc7 a6 31. Rc6 Ra2 32. Rxa6 Kf5 33. Ra4 e5 34. Kg2 h5 35. h4 e4 36. Ra5+ Ke6 37. Kf1 f5 38. Ke1 Kf6 39. Ra8 Kg7 40. Ra6 Kf7 41. Rh6 Rxa3 42. Rxh5 Kg6 43. Rg5+ Kf6 44. Rg8 Ra1+ 45. Ke2 Ra2+ 46. Kf1 Ra1+ 47. Kg2 Ra2 48. Rf8+ Kg6 49. Re8 Kf7 50. Rb8 e3 51. Kf3 exf2 52. Kg2 f1=Q+ 53. Kxf1 Kg6 54. Rb4 Rc2 55. Rf4 Ra2 56. Rf2 Ra3 57. Kg2 Rb3 58. Rf3 Rb2+ 59. Kh3 Rb4 60. Ra3 Rb6 61. Kg2 Rc6 62. Kf3 Rb6 63. Ra4 Rc6 64. Kf4 Rb6 65. Rd4 Ra6 66. Ke5 Ra5+ 67. Rd5 Ra4 68. Rd6+ Kh5 69. Kxf5 {[%emt 0:00:03] Kg6+ Kf4+} Ra6 70. Rd4 Re6 {[%emt 0:00:07] Ke5 Kh5+} 71. Kf4 1-0